 Dungeon Crawl Stone Soup version 0.30.0-3-ga4e48a9924 (webtiles) character file.

Game seed: 11568877716401093970

557 Irreverend the Trooper (level 7, 0/54 HPs)
             Began as a Djinni Fire Elementalist on May 7, 2023.
             Slain by cheesebisquit's ghost (8 damage)
             ... on level 3 of the Dungeon.
             The game lasted 00:12:23 (3691 turns).

Irreverend the Trooper (Djinni Fire Elementalist)   Turns: 3691, Time: 00:12:24

Health: 0/54       AC:  2    Str:  7    XL:     7   Next: 56%
Gold:   170        EV: 12    Int: 18    God:
                   SH:  0    Dex: 14

rFire   + + .        (no weapon)
rCold   x . .        (no shield)
rNeg    . . .        a - +0 robe
rPois   ∞            (no helmet)
rElec   .            (no cloak)
rCorr   .            (no gloves)
SInv    .            (boots unavailable)
Will    .....        (no amulet)
Stlth   ++           (no ring)
HPRegen 0.29/turn    (no ring)
MPRegen 0.00/turn

%: infuse magic (-1 HP)
@: flying, very slightly contaminated
A: sickness immunity, fire resistance 2, cold vulnerability 1, float, innate
caster, HP casting, extra vitality 1
a: no special abilities


You were on level 3 of the Dungeon.
You visited 1 branch of the dungeon, and saw 3 of its levels.

You collected 170 gold pieces.

Inventory:

Missiles
 m - a throwing net
Armour
 a - a +0 robe (worn)
Jewellery
 b - a ring of positive energy
Scrolls
 c - a scroll of poison {unknown}
 d - a scroll of teleportation {unknown}
 h - 4 scrolls of identify {unknown}
 k - a scroll of magic mapping {unknown}
 o - a scroll of noise {unknown}
 p - a scroll of silence {unknown}
 q - a scroll of blinking {unknown}
Potions
 e - a potion of brilliance {unknown}
 f - a potion of mutation {unknown}
 g - 2 potions of curing
 i - a potion of heal wounds {unknown}
 j - a potion of lignification {unknown}
 l - a potion of might {unknown}
 n - a potion of magic {unknown}


   Skills:
 + Level 5.0 Fighting
 - Level 2.7 Dodging
 - Level 1.5 Stealth
 + Level 4.6 Spellcasting


You knew the following spells:

 Your Spells              Type           Power      Damage    Failure   Level
a - Foxfire               Conj/Fire      80%        2x1d8     1%          1
b - Scorch                Fire           40%        2d7       3%          2
c - Volatile Blastmotes   Fire/Tloc      40%        2d13      6%          3
d - Inner Flame           Hex/Fire       20%        N/A       6%          3
e - Flame Wave            Conj/Fire      20%        2d7       21%         4
f - Summon Small Mammal   Summ           80%        N/A       1%          1
g - Call Imp              Summ           40%        N/A       3%          2
h - Confusing Touch       Hex            20%        N/A       6%          3
Your spell library was empty.

Dungeon Overview and Level Annotations

Branches:
Dungeon (3/15)

Altars:
Dithmenos

Annotations:
D:3 cheesebisquit's ghost, amateur HOMo


Innate Abilities, Weirdness & Mutations

You are immune to sickness and miasma.
You are immune to poison.
Your flesh is very heat resistant. (rF++)
You are vulnerable to cold. (rC-)
You float through the air rather than walking.
You learn spells naturally, not from books.
Your magical power is your life essence.
You have superior vitality. (+4 MHP)


Message History

Cheesebisquit's ghost's fire resistance burns away.
Cheesebisquit's ghost barely misses your cerulean imp.
Your cerulean imp closely misses cheesebisquit's ghost.
Casting: Scorch (safe; 3% risk of failure)
Confirm with . or Enter, or press ? or * to list all spells.
Flames lash cheesebisquit's ghost.
Cheesebisquit's ghost is heavily damaged.
Cheesebisquit's ghost completely misses your cerulean imp.
Your cerulean imp closely misses cheesebisquit's ghost.
Casting: Scorch (safe; 3% risk of failure)
Confirm with . or Enter, or press ? or * to list all spells.
You miscast Scorch.
You are very lightly contaminated with residual magic.
Nothing appears to happen.
Cheesebisquit's ghost misses your cerulean imp.
Your cerulean imp barely misses cheesebisquit's ghost.
Casting: Scorch (safe; 3% risk of failure)
Confirm with . or Enter, or press ? or * to list all spells.
Flames lash cheesebisquit's ghost.
Cheesebisquit's ghost is severely damaged.
Cheesebisquit's ghost hits your cerulean imp.
Your cerulean imp dies!
Your cerulean imp disappears in a puff of smoke!
Casting: Scorch (safe; 3% risk of failure)
Confirm with . or Enter, or press ? or * to list all spells.
Flames lash cheesebisquit's ghost.
Cheesebisquit's ghost is severely damaged.
* * * LOW HITPOINT WARNING * * *
Sorry, you're not good enough to have a special ability.
There are no items here.
Casting: Scorch (safe; 3% risk of failure)
Confirm with . or Enter, or press ? or * to list all spells.
A tiny devil pulls itself out of the air.
* * * LOW HITPOINT WARNING * * *
You swap places.
Cheesebisquit's ghost hits you!
* * * LOW HITPOINT WARNING * * *
Your cerulean imp closely misses cheesebisquit's ghost.
Cheesebisquit's ghost attacks as you move away!
Cheesebisquit's ghost hits you!
You die...

.§#....#.#.#.#.#.#.#.#.#
§...#.....♣...♣...♣....#
....#.##.#.#.#.#.#.#.#.#
§§..#...♣...♣...♣)..♣..##
§§###.##.#.#.#.#.#.#.#..########
§##...#...♣...♣...♣.....#...)..#
###....#.#.#.#.#.#.#.#..#.####.#
#######.♣..(♣...♣...♣........#.#
.# #..#.#.#.#@#.#....#.##.#W# .#
#.##.##...5W......#.##.#.# .##
#.#......##.......#......# ..#
#..............#######.### ..#
###..#.######### #.#
..#######..#.# #.#
........#..#.# ####### #.#
...####.#..#.# #.....# #.#
........#....#####.....# ###.#


You could see cheesebisquit's ghost (combustible, ally target) and a friendly
cerulean imp (summoned).

Vanquished Creatures
  Grinder (D:3)
  A water moccasin skeleton (D:3)
  Crazy Yiuf (D:2)
  A bullfrog skeleton (D:3)
  3 orc wizards (D:3)
  Robin (D:2)
  4 gnolls (D:3)
  3 adders (D:3)
  2 worms
  3 dart slugs
  An orc (D:3)
  4 bats
  9 endoplasms
  4 giant cockroaches
  16 goblins
  8 hobgoblins
  4 jackals
  4 kobolds (D:3)
  3 ball pythons
  3 frilled lizards
  3 rats
  A spectral kobold (D:1)
80 creatures vanquished.

Vanquished Creatures (collateral kills)
  An adder (D:3)
  A hobgoblin (D:3)
  A kobold (D:3)
  A frilled lizard (D:3)
4 creatures vanquished.

Vanquished Creatures (others)
  44 foxfires
44 creatures vanquished.

Grand Total: 128 creatures vanquished

Notes
Turn   | Place    | Note
-------+----------+-------------------------------------------
     0 | D:1      | Irreverend the Djinni Fire Elementalist began the quest for
                  | the Orb.
     0 | D:1      | Irreverend set off with the following spells memorised:
                  | Foxfire, Scorch, Volatile Blastmotes, Inner Flame, Flame
                  | Wave.
     0 | D:1      | Reached XP level 1. HP: 15/15 MP: 0/0
     5 | D:1      | Noticed an anaconda
    10 | D:1      | Noticed an elephant
    79 | D:1      | Reached XP level 2. HP: 21/22 MP: 0/0
   237 | D:1      | Reached skill level 1 in Fighting
   336 | D:1      | Found a faded altar of an unknown god.
   380 | D:1      | Reached XP level 3. HP: 25/27 MP: 0/0
   380 | D:1      | Learned a level 1 spell: Summon Small Mammal
   755 | D:2      | Noticed Robin
   802 | D:2      | Killed Robin
   880 | D:2      | Reached XP level 4. HP: 31/33 MP: 0/0
   990 | D:2      | Reached skill level 2 in Fighting
  1043 | D:2      | Found a runed translucent door.
  1044 | D:2      | Noticed Crazy Yiuf
  2165 | D:2      | Killed Crazy Yiuf
  2166 | D:2      | Reached XP level 5. HP: 20/39 MP: 0/0
  2166 | D:2      | Learned a level 2 spell: Call Imp
  2498 | D:3      | Reached skill level 3 in Fighting
  2508 | D:3      | Noticed Grinder
  2518 | D:3      | Reached XP level 6. HP: 24/46 MP: 0/0
  2642 | D:3      | Found a shadowy altar of Dithmenos.
  2810 | D:3      | Found a runed translucent gate.
  2810 | D:3      | Found a runed translucent gate.
  2812 | D:3      | Found a runed translucent gate.
  2814 | D:3      | Noticed cheesebisquit's ghost (amateur HOMo)
  3250 | D:3      | Killed Grinder
  3251 | D:3      | Reached skill level 4 in Fighting
  3251 | D:3      | Reached XP level 7. HP: 36/53 MP: 0/0
  3251 | D:3      | Learned a level 3 spell: Confusing Touch
  3634 | D:3      | Reached skill level 5 in Fighting
  3691 | D:3      | Slain by cheesebisquit's ghost

Illustrated notes

Levels and vault maps discovered:
D:1:      sevenhm_arrival_forest_fort_small_2, layout_loops_ring,
          dreamdust_ecumenical_altar_drowned_temple
D:2:      layout_basic, uniq_crazy_yiuf_cottage, uniq_robin
D:3:      layout_loops_cross, nicolae_dithmenos_the_darkroom,
          gammafunk_ghost_necromancy, kennysheep_crisscross,
          minmay_fractal_squares_5, uniq_grinder

Skill      XL: |  1  2  3  4  5  6  7 |
---------------+----------------------+-----
Fighting       | 1 2 3 4 5 |  5.0
Spellcasting   | 3 4 |  4.6
Dodging        | |  2.7
Stealth        | |  1.5

Action                     |  1- 3 |  4- 6 |  7- 9 || total
---------------------------+-------+-------+-------++-------
  Melee: Unarmed           |       |       |     2 ||     2
   Cast: Foxfire           |    15 |    13 |       ||    28
         Scorch            |    26 |    53 |    12 ||    91
         Inner Flame       |     1 |     2 |     1 ||     4
         Volatile Blastmot |       |     9 |       ||     9
         Summon Small Mamm |       |     5 |       ||     5
         Call Imp          |       |     8 |     3 ||    11
         Confusing Touch   |       |       |     1 ||     1
    Use: Potion            |       |       |     1 ||     1
 Armour: Robe              |     3 |     3 |       ||     6
  Dodge: Dodged            |     6 |    14 |     9 ||    29
